 Dungeon Crawl Stone Soup version 0.29-a0-330-g52719c12eb (webtiles) character file.

Game seed: 9303690984410599221

2446 kae the Arsonist (level 9, -2/53 HPs)
             Began as a Tengu Fire Elementalist on Apr 15, 2022.
             Slain by an orc warrior
             ... wielding a +0 trident
              (19 damage)
             ... on level 7 of the Dungeon.
             The game lasted 00:06:20 (9983 turns).

kae the Arsonist (Tengu Fire Elementalist)          Turns: 9983, Time: 00:06:20

Health: -2/53      AC:  2    Str:  9    XL:     9   Next: 49%
Magic:  9/17       EV: 17    Int: 20    God:
Gold:   458        SH:  0    Dex: 14    Spells: 3/18 levels left

rFire   + . .      SeeInvis .   o - +5 short sword (chaos)
rCold   . . .      Faith    .   (no shield)
rNeg    . . .      Spirit   .   a - +0 robe
rPois   .          Reflect  .   (helmet restricted)
rElec   .          Harm     .   (no cloak)
rCorr   .          Rampage  .   (no gloves)
Will    .....                   (boots unavailable)
Stlth   ++........              (no amulet)
HPRegen 0.17/turn               u - ring of protection from fire
MPRegen 0.15/turn               (no ring)

@: flying quickly and evasively, quick
A: beak, talons 3, nimble flight
a: no special abilities


You were on level 7 of the Dungeon.
You visited 1 branch of the dungeon, and saw 7 of its levels.

You collected 516 gold pieces.
You spent 58 gold pieces at shops.

Inventory:

Hand Weapons
 e - a +0 dagger
 k - a +1 dagger of speed
 o - a +5 short sword of chaos (weapon)
Missiles
 m - a throwing net
Armour
 a - a +0 robe (worn)
Magical Staves
 j - a staff of poison
Jewellery
 u - a ring of protection from fire (left hand)
Wands
 h - a wand of iceblast (4)
 i - a wand of charming (6)
 l - a wand of polymorph (8)
Scrolls
 p - 3 scrolls of amnesia
 s - 5 scrolls of teleportation
 t - a scroll of blinking
Potions
 b - 4 potions of magic
 c - 3 potions of haste
 d - 4 potions of lignification
 f - 2 potions of heal wounds
 g - a potion of ambrosia
 n - 2 potions of degeneration {unknown}
 q - 4 potions of curing {unknown}
 r - a potion of attraction {unknown}


   Skills:
 + Level 4.9 Fighting
 + Level 5.8 Dodging
 - Level 2.0 Stealth
 + Level 5.0 Spellcasting
 + Level 6.8 Conjurations
 * Level 8.5 Fire Magic


You had 3 spell levels left.
You knew the following spells:

 Your Spells              Type           Power      Damage    Failure   Level
a - Foxfire               Conj/Fire      100%       2x1d9     1%          1
b - Scorch                Fire           78%        2d8       1%          2
c - Conjure Flame         Conj/Fire      35%        6-21      1%          3
d - Inner Flame           Hex/Fire       22%        N/A       6%          3
e - Flame Wave            Conj/Fire      35%        2d8       4%          4
f - Poisonous Vapours     Pois/Air       10%        N/A       17%         2

Your spell library contained the following spells:

 Spells                   Type           Power      Damage    Failure   Level
 Slow                     Hex            20%        N/A       12%         1
 Sting                    Tmut/Pois      20%        1d4       12%         1
 Confusing Touch          Hex            5%         N/A       34%         3
 Vampiric Draining        Necr           5%         2d6       34%         3
 Olgreb's Toxic Radiance  Pois           5%         N/A       75%         4
 Yara's Violent Unravell  Hex/Tmut       2%         3d3       97%         5
 Enfeeble                 Hex            2%         N/A       100%        7


Dungeon Overview and Level Annotations

Branches:
Dungeon (7/15)             Temple (0/1) D:7

Altars:
Cheibriados
Dithmenos
Hepliaklqana
Kikubaaqudgha
Nemelex Xobeh
Uskayaw
Wu Jian

Shops:
D:3 *

Annotations:
D:5 exclusion: water moccasin
D:7 exclusion: yak


Innate Abilities, Weirdness & Mutations

You have a beak for a mouth.
You have claws for feet.
Your magical nature lets you fly swiftly and evasively.


Message History

Confirm with . or Enter, or press ? or * to list all spells.
You conjure some foxfire!
An orc wizard comes into view. It is wielding a +0 dagger.
The foxfire hits the orc warrior but does no damage.
The orc warrior is moderately wounded.
The foxfire hits the orc warrior but does no damage.
The orc warrior is moderately wounded.
Casting: Foxfire (safe; 1% risk of failure)
Confirm with . or Enter, or press ? or * to list all spells.
You conjure some foxfire!
The orc warrior hits you from afar with a +0 trident!
An orc comes into view. It is wielding a +0 falchion.
The foxfire hits the orc warrior.
The orc warrior is moderately wounded.
The foxfire hits the orc warrior!
The orc warrior is heavily wounded.
The orc wizard mumbles some strange words.
The orc wizard flickers and vanishes!
Deactivating autopickup; reactivate with Ctrl-A.
The orc warrior hits you from afar with a +0 trident!
Casting: Foxfire (safe; 1% risk of failure)
Confirm with . or Enter, or press ? or * to list all spells.
Flames lash the orc warrior.
The orc warrior is severely wounded.
The orc warrior's fire resistance burns away.
The orc warrior completely misses you.
The orc warrior hits you from afar with a +0 trident!!
Casting: Scorch (safe; 1% risk of failure)
Confirm with . or Enter, or press ? or * to list all spells.
Flames lash the orc warrior.
The orc warrior is burned terribly!
The orc warrior is almost dead.
The orc warrior throws a boomerang.
The boomerang misses you.
The orc warrior throws a boomerang.
The boomerang hits you but does no damage.
Casting: Scorch (safe; 1% risk of failure)
Confirm with . or Enter, or press ? or * to list all spells.
Flames lash the orc warrior.
The orc warrior is burned terribly!
The orc warrior is almost dead.
The orc warrior hits you from afar with a +0 trident!!
You die...

. #...#.# #
#.#..#.#.# .#
#.#..#.#.#
....#.#..#.#.#
#...........#
###.#..#.#.# #.
#.#.##.#.#
#..####.#.##.#.#
..........##[#.#
.......@.......#
.#.####.#.##.###
#o#.#### ###..
#{#.# .....
#o### ..... ...
###.. ... ###.
##.#. .... #.#.


You could see an orc warrior (combustible) and an orc.

Vanquished Creatures
  4 yaks (D:7)
  A black bear (D:4)
  An ice beast (D:6)
  2 ogres
  2 phantoms
  A bullfrog (D:6)
  A kobold brigand (D:7)
  A necrophage (D:6)
  2 scorpions
  7 wights
  A howler monkey (D:4)
  3 orc priests
  2 hounds
  A jelly (D:4)
  A gnoll shaman (D:7)
  Jessica (D:2)
  Terence (D:2)
  4 iguanas
  2 orc wizards
  4 gnolls (D:3)
  5 adders
  3 shadow imps
  2 white imps
  3 ufetubi
  A worm (D:3)
  A dart slug (D:4)
  9 orcs
  8 endoplasms
  3 giant cockroaches (D:3)
  3 hobgoblins (D:1)
  7 jackals
  5 quokkas
  6 ball pythons
  7 bats
  3 frilled lizards
  5 goblins
  9 kobolds
  9 rats
131 creatures vanquished.

Vanquished Creatures (collateral kills)
  A dart slug (D:4)
  An endoplasm (D:4)
  A foxfire (D:3)
3 creatures vanquished.

Vanquished Creatures (others)
  An orc wizard (D:7)
  462 foxfires
  11 plants (D:3)
474 creatures vanquished.

Grand Total: 608 creatures vanquished

Notes
Turn   | Place    | Note
-------+----------+-------------------------------------------
     0 | D:1      | kae the Tengu Fire Elementalist began the quest for the
                  | Orb.
     0 | D:1      | Reached XP level 1. HP: 10/10 MP: 4/4
   356 | D:1      | Reached XP level 2. HP: 13/16 MP: 3/6
   511 | D:1      | Learned a level 2 spell: Scorch
  1450 | D:2      | Reached XP level 3. HP: 20/20 MP: 5/7
  1454 | D:2      | Learned a level 3 spell: Conjure Flame
  1527 | D:2      | Reached skill level 1 in Fighting
  1902 | D:2      | Noticed Terence
  2408 | D:2      | Found a faded altar of an unknown god.
  2608 | D:2      | Noticed Jessica
  2615 | D:2      | Killed Jessica
  2616 | D:2      | Reached skill level 4 in Fire Magic
  2616 | D:2      | Reached XP level 4. HP: 25/25 MP: 3/8
  3063 | D:3      | Found an ornate altar of the Wu Jian Council.
  3295 | D:3      | Found Qibangik's Assorted Antiques.
  3302 | D:3      | Bought a golden potion for 18 gold pieces
  3302 | D:3      | Bought a scroll labelled LOSEOJ ATHOIMP for 20 gold pieces
  3302 | D:3      | Bought a scroll labelled ORUPHA GESE for 20 gold pieces
  3572 | D:3      | Gained mutation: Your magical nature lets you fly swiftly
                  | and evasively. [Tengu growth]
  3572 | D:3      | Reached XP level 5. HP: 18/30 MP: 6/9
  4750 | D:4      | Noticed a black bear
  4759 | D:4      | Killed a black bear
  4760 | D:4      | Reached skill level 5 in Fire Magic
  4760 | D:4      | Reached XP level 6. HP: 36/36 MP: 5/11
  4973 | D:4      | Found a hide-covered altar of Uskayaw.
  4973 | D:4      | Found a faded altar of an unknown god.
  4980 | D:4      | Found a snail-covered altar of Cheibriados.
  4982 | D:4      | Found a sparkling altar of Nemelex Xobeh.
  4984 | D:4      | Found a faded altar of an unknown god.
  5089 | D:4      | Found a shadowy altar of Dithmenos.
  5090 | D:4      | Noticed a shadow
  5093 | D:4      | Found a hazy altar of Hepliaklqana.
  5452 | D:4      | Reached XP level 7. HP: 35/40 MP: 6/12
  5765 | D:2      | Killed Terence
  5943 | D:5      | Entered Level 5 of the Dungeon
  6592 | D:5      | Reached skill level 6 in Fire Magic
  6790 | D:5      | Found an ancient bone altar of Kikubaaqudgha.
  6942 | D:5      | Reached XP level 8. HP: 46/46 MP: 6/14
  7409 | D:6      | Reached skill level 5 in Conjurations
  7828 | D:6      | Reached skill level 7 in Fire Magic
  8008 | D:6      | Reached skill level 5 in Dodging
  8842 | D:7      | Noticed a yak
  9039 | D:7      | Learned a level 3 spell: Inner Flame
  9044 | D:7      | Learned a level 4 spell: Flame Wave
  9047 | D:7      | Learned a level 2 spell: Poisonous Vapours
  9075 | D:7      | Found a staircase to the Ecumenical Temple.
  9127 | D:7      | Reached XP level 9. HP: 37/52 MP: 6/16
  9240 | D:7      | Reached skill level 8 in Fire Magic
  9453 | D:7      | Reached skill level 5 in Spellcasting
  9983 | D:7      | Slain by an orc warrior

Illustrated notes

Levels and vault maps discovered:
D:1:      lemuel_arrival_cross, layout_loops_corners
D:2:      layout_basic, ebering_ecumenical_altar_hall, uniq_jessica,
          uniq_terence
D:3:      layout_basic, mainiacjoe_overflow_catwalk, serial_shops,
          nicolae_shop_advertising_works [nicolae_subvault_shop_adworks],
          serial_bayou_lagoon_a, serial_bayou_ford_a, grunt_decor_resistance,
          minmay_shallow_snake_nest
D:4:      layout_basic, riverfiend_overflow_shadow_ancestor,
          chequers_temple_overflow_minitemple
D:5:      layout_loops_ring, kennysheep_mini
D:6:      layout_layer_cave
D:7:      layout_basic, minmay_temple_entry_trees, dreamdust_gnoll_shepherd

Skill      XL: |  1  2  3  4  5  6  7  8  9 |
---------------+----------------------------+-----
Conjurations   | 2 3 4 6 |  6.8
Fighting       | 1 2 3 4 |  4.9
Fire Magic     | 4 5 6 7 8 |  8.5
Dodging        | 3 4 5 |  5.8
Spellcasting   | 3 4 5 |  5.0
Stealth        | |  2.0

Action                   |  1- 3 |  4- 6 |  7- 9 || total
-------------------------+-------+-------+-------++-------
Melee: Dagger            |    14 |     2 |       ||    16
       Kick              |     1 |     4 |       ||     5
       Punch             |     1 |       |       ||     1
       Short sword       |       |    15 |       ||    15
       Peck              |       |     3 |       ||     3
 Cast: Foxfire           |    87 |    57 |   135 ||   279
       Scorch            |       |    13 |    38 ||    51
       Conjure Flame     |       |       |     7 ||     7
  Use: Scroll            |     3 |    12 |     1 ||    16
 Stab: Sleeping          |       |     1 |       ||     1
Armor: Robe              |     5 |     5 |     6 ||    16
Dodge: Dodged            |    19 |    19 |    33 ||    71

Table legend: (Time is in decaauts)
 A = Elapsed time spent in this place.
 B = Non-inter-level travel time spent in this place.
 C = Inter-level travel time spent in this place.
 D = Time resting spent in this place.
 E = Time spent auto-exploring this place.
 F = Levels seen in this place.
 G = Mean time per level.
                   A        B        C        D        E       F      G
               +--------+--------+--------+--------+--------+-----+--------+
         Total |   9649 |   9467 |    182 |    838 |   7417 |   7 | 1378.4 |
       Dungeon |   9649 |   9467 |    182 |    838 |   7417 |   7 | 1378.4 |
               +--------+--------+--------+--------+--------+-----+--------+

Top non-repeatable levels by time:
     D:3: 1660 daAuts
     D:2: 1478 daAuts
     D:1: 1449 daAuts
     D:5: 1335 daAuts
     D:6: 1295 daAuts
     D:4: 1234 daAuts
     D:7: 1196 daAuts
